 Dungeon Crawl Stone Soup version 0.20-a0-629-gc37eb77 (webtiles) character file.

82 nikopol the Skirmisher (level 4, -2/41 HPs)
             Began as a Minotaur Berserker on Feb 10, 2017.
             Was a Believer of Trog.
             Slain by Robin
             ... wielding a +0 club
              (3 damage)
             ... on level 2 of the Dungeon.
             The game lasted 00:02:04 (1193 turns).

nikopol the Skirmisher (Minotaur Berserker)         Turns: 1193, Time: 00:02:05

Health: -2/41      AC:  2    Str: 21    XL:     4   Next: 21%
Magic:  3/3        EV: 13    Int:  4    God:    Trog [**....]
Gold:   75         SH:  0    Dex: 11    Spells: 3/3 levels left

rFire    . . .     SeeInvis .   a - +0 hand axe
rCold    . . .     Gourm    .   b - +0 animal skin
rNeg     . . .     Faith    .   (no shield)
rPois    .         Spirit   .   (helmet restricted)
rElec    .         Reflect  .   (no cloak)
rCorr    .         Harm     .   (no gloves)
MR       .....                  (no boots)
Stlth    +.........             (no amulet)
Regen    0.2/turn               (no ring)
                                (no ring)

@: exhausted, slowed, very slow
A: retaliatory headbutt, horns 2
a: Berserk, Trog's Hand, Burn Spellbooks, Renounce Religion


You were on level 2 of the Dungeon.
You worshipped Trog.
Trog was pleased with you.
You were hungry.

You visited 1 branch of the dungeon, and saw 2 of its levels.

You collected 75 gold pieces.

Inventory:

Hand Weapons
 a - a +0 hand axe (weapon)
Armour
 b - a +0 animal skin (worn)
Jewellery
 l - an uncursed ring of see invisible {unknown}
Wands
 o - a wand of polymorph (12/24)
Scrolls
 f - a scroll of remove curse {unknown}
 g - a scroll of recharging {unknown}
 j - a scroll of amnesia {unknown}
 k - a scroll of fear {unknown}
 n - a scroll of noise {unknown}
Potions
 d - a potion of flight {unknown}
 e - a potion of degeneration {unknown}
 h - a potion of invisibility {unknown}
 i - a potion of cancellation {unknown}
 m - a potion of brilliance {unknown}
Comestibles
 c - a bread ration


   Skills:
 + Level 4.3 Fighting
 + Level 4.2 Axes
 + Level 3.5 Armour
 + Level 3.1 Dodging


You had 3 spell levels left.
You didn't know any spells.

Dungeon Overview and Level Annotations

Branches:
Dungeon (2/15)

Altars:

Annotations:
D:2 Robin


Innate Abilities, Weirdness & Mutations

You reflexively headbutt those who attack you in melee.
You have a pair of horns on your head.


Message History

You hit the kobold.
You kill the kobold!
Trog accepts your kill.
You slash the goblin!
You kill the goblin!
Trog accepts your kill.
You hit Robin.
You are no longer berserk.
You are exhausted.
You feel yourself slow down. Robin hits you with a club.
* * * LOW HITPOINT WARNING * * *
Things that are here:
a dagger; a hobgoblin corpse Robin barely misses you.
You furiously retaliate!
You headbutt Robin.
You see here a club.
Robin hits you but does no damage.
You barely miss Robin. Your headbutt misses Robin.
Robin is severely wounded.
Robin hits you with a club.
You die...

.....# ..>..# #.### ..
.....# #...#.. .....#
#.#.#. ..#########
#.... ........... ...#
..######### #..#
...############..#
..........).)))g@#
#..###########)..##.#
#.(................!..
#..############.###.#.
#.......# #.# #
#.#####.# #.#
#.......# #.#
#######.# #.. #.# #.


You could see Robin.

Vanquished Creatures
  2 adders (D:2)
  A worm (D:2)
  A dart slug (D:1)
  3 leopard geckos (D:1)
  A bat (D:1)
  2 giant cockroaches
  10 goblins
  11 hobgoblins
  4 jackals
  5 kobolds
  2 quokkas (D:2)
  2 ball pythons (D:1)
  2 frilled lizards (D:1)
  4 rats
50 creatures vanquished.

Notes
Turn   | Place    | Note
-------+----------+-------------------------------------------
     0 | D:1      | nikopol the Minotaur Berserker began the quest for the Orb.
     0 | D:1      | Reached XP level 1. HP: 19/19 MP: 0/0
   116 | D:1      | Reached XP level 2. HP: 24/27 MP: 1/1
   619 | D:1      | Reached XP level 3. HP: 32/33 MP: 2/2
   907 | D:2      | Reached ** piety under Trog
  1166 | D:2      | Noticed Robin
  1169 | D:2      | Reached XP level 4. HP: 26/40 MP: 3/3
  1190 | D:2      | HP: 1/41 [Robin/club (4)]
  1193 | D:2      | Slain by Robin

Vault maps used:
D:1:      dpeg_arrival_refuge
D:2:      uniq_robin

Skill      XL: |  1  2  3  4 |
---------------+-------------+-----
Fighting       | 4 |  4.3
Armour         | 3 |  3.5
Axes           | 4 |  4.2
Dodging        | 3 |  3.1

Action                   |  1- 3 |  4- 6 || total
-------------------------+-------+-------++-------
Melee: Hand axe          |    94 |    13 ||   107
       Headbutt          |    10 |     2 ||    12
Invok: Berserk           |       |     1 ||     1
  Eat: Chunk             |     1 |       ||     1
Armor: Animal skin       |    12 |     3 ||    15
Dodge: Dodged            |    63 |    10 ||    73
